AoeStats
← micely

Arena

510215897Analyzed
3v3 RM · 1d ago on Sep 30, 2026· 46m 54s· 6 players
Game mode
Random Map
Map size
Normal (6 player)
Population
200
Speed
Normal
Resources
Standard
Victory
Conquest
Starting age
Dark Age
Ending age
Imperial Age
RankedLock teamsTeams togetherTeam positionsShared explorationLock speedFull tech treeHidden civsTurbo modeCheats
Victory
Defeat
🇺🇸 Spanish · United States
768
+16
🇺🇸 Goths · United States
745
+16
🇨🇦 Mongols · Canada
695
+19
🇺🇸 Byzantines · United States
772
-18
🇺🇸 Magyars · United States
765
-17
🇺🇸 Franks · United States
725
-16
RiskyEh
0:29 Loom
11:49 Feudal Age
12:47 Town Watch
22:35 Castle Age
23:02 Wheelbarrow
25:19 Pikeman
26:06 Padded Archer Armor
25:57 Fletching
26:09 Scale Mail Armor
28:25 Leather Archer Armor
28:06 Bodkin Arrow
33:14 Imperial Age
31:17 Hand Cart
31:49 Thumb Ring
34:23 Conscription
35:23 Parthian Tactics
35:05 Bracer
36:01 Elite Mangudai
39:58 Scale Mail Armor
40:09 Forging
40:56 Scale Barding Armor
42:43 Chemistry
41:15 Light Cavalry
41:57 Husbandry
42:08 Bloodlines
42:46 Iron Casting
41:52 Hussar
Centipedejam
10:52 Feudal Age
11:59 Double-Bit Axe
15:29 Castle Age
14:32 Loom
17:49 Bow Saw
21:29 Wheelbarrow
21:37 Horse Collar
23:22 Stone Mining
25:12 Hand Cart
25:00 Gold Mining
26:13 Heavy Plow
27:06 Padded Archer Armor
30:18 Imperial Age
29:37 Leather Archer Armor
30:15 Caravan
31:59 Stone Shaft Mining
32:09 Ring Archer Armor
34:09 Two-Man Saw
33:08 Elite Conquistador
39:20 Chemistry
tstien40
0:38 Loom
12:27 Feudal Age
13:39 Horse Collar
19:56 Castle Age
17:47 Double-Bit Axe
21:37 Heavy Plow
21:58 Squires
32:50 Imperial Age
32:25 Bow Saw
33:32 Forging
33:24 Scale Mail Armor
33:29 Scale Barding Armor
33:29 Anarchy
34:43 Wheelbarrow
34:59 Wheelbarrow
35:03 Bloodlines
34:54 Husbandry
34:15 Cavalier
35:22 Conscription
35:06 Perfusion
35:18 Gold Mining
35:19 Stone Mining
37:03 Iron Casting
36:44 Chain Mail Armor
36:50 Chain Barding Armor
36:21 Fletching
35:59 Elite Skirmisher
37:22 Man-at-Arms
37:22 Pikeman
37:54 Long Swordsman
39:56 Stone Shaft Mining
41:08 Blast Furnace
40:08 Padded Archer Armor
41:17 Crop Rotation
41:50 Two-Man Saw
42:55 Two-Handed Swordsman
42:56 Halberdier
43:30 Champion
47:11 Bodkin Arrow
47:31 Leather Archer Armor
skywalkeratat
2:23 Loom
13:15 Feudal Age
13:48 Double-Bit Axe
13:47 Horse Collar
23:29 Castle Age
21:53 Gold Mining
21:54 Stone Mining
23:50 Wheelbarrow
25:08 Pikeman
25:59 Scale Mail Armor
26:10 Forging
27:58 Chain Mail Armor
28:19 Iron Casting
31:44 Gold Shaft Mining
34:28 Fortified Wall
36:59 Imperial Age
34:48 Hand Cart
35:45 Heavy Plow
36:05 Scale Barding Armor
36:22 Caravan
38:07 Logistica
38:18 Conscription
41:34 Chemistry
41:34 Guilds
43:00 Elite Varangian Guard
Jimmz
10:51 Feudal Age
12:05 Double-Bit Axe
14:54 Castle Age
15:52 Bow Saw
16:47 Fletching
21:01 Wheelbarrow
26:13 Bodkin Arrow
26:19 Padded Archer Armor
29:23 Hand Cart
28:57 Loom
29:51 Ballistics
29:51 Leather Archer Armor
31:59 Stone Mining
32:01 Gold Mining
32:34 Thumb Ring
32:34 Treadmill Crane
36:29 Imperial Age
34:43 Scale Barding Armor
34:01 Light Cavalry
34:54 Bloodlines
34:49 Husbandry
35:26 Masonry
36:09 Chain Barding Armor
36:42 Gold Shaft Mining
36:41 Heavy Cavalry Archer
37:28 Bracer
37:59 Parthian Tactics
41:13 Light Cavalry
43:21 Ring Archer Armor
43:59 Chemistry
micely
13:20 Feudal Age
14:37 Wheelbarrow
14:12 Double-Bit Axe
14:44 Gold Mining
24:49 Castle Age
24:37 Forging
24:34 Scale Barding Armor
26:39 Hand Cart
27:31 Iron Casting
27:18 Chain Barding Armor
27:01 Husbandry
29:15 Gold Shaft Mining
30:21 Stone Mining
32:09 Bow Saw
35:22 Caravan
47:06 Imperial Age
Connection lost

Rejoining the realm…

Still unreachable

The connection could not be restored.

Session expired

The server has moved on; the page needs a fresh start.